 Dungeon Crawl Stone Soup version 0.31.0-9-g3a7656b989 (webtiles) character file.

Game seed: 17272397152135959709

3139 qw the Nimble (level 9, -5/45 HPs)
             Began as a Spriggan Hunter on Feb 2, 2024.
             Was a Priest of Okawaru.
             Slain by a yak (7 damage)
             ... on level 8 of the Dungeon.
             The game lasted 00:00:43 (5627 turns).

qw the Nimble (Spriggan Hunter)                     Turns: 5627, Time: 00:00:43

Health: -5/45      AC: 11    Str:  7    XL:     9   Next: 61%
Magic:  13/13      EV: 33    Int: 10    God:    Okawaru [***...]
Gold:   386        SH:  0    Dex: 23    Spells: 8/8 levels left

rFire   . . .        h - +0 arbalest
rCold   + . .        (shield currently unavailable)
rNeg    . . .        o - +2 robe {Will+}
rPois   .            (helmet restricted)
rElec   .            g - +2 cloak
rCorr   .            (gloves unavailable)
SInv    +            (boots unavailable)
Will    ++...        (no amulet)
Stlth   ++++         b - ring of protection from cold
HPRegen 0.27/turn    n - +4 ring of protection
MPRegen 0.13/turn

%: no passive effects
@: heroic, hasted, very quick
A: very small, no large weapons, unfitting armour, see invisible, speed 3
a: Renounce Religion, Heroism


You were on level 8 of the Dungeon.
You worshipped Okawaru.
Okawaru was most pleased with you.
You visited 1 branch of the dungeon, and saw 8 of its levels.

You collected 470 gold pieces.
You spent 84 gold pieces at shops.


Innate Abilities, Weirdness & Mutations

You are very small and have problems with some larger weapons.
You are too small for most types of armour.
You have supernaturally acute eyesight. (SInv)
You cover ground extremely quickly. (Speed+++)


   Skills:
 - Level 4.0(9.0) Fighting
 - Level 10.0(15.0) Ranged Weapons
 + Level 10.6(15.6) Dodging
 - Level 1.5(6.5) Stealth
 - Level 4.1 Invocations


You had 8 spell levels left.
You didn't know any spells.
Your spell library was empty.

Inventory:

Hand Weapons
 h - a +0 arbalest (weapon)
Armour
 g - a +2 cloak (worn)
 o - a +2 robe of willpower (worn)
Jewellery
 b - a ring of protection from cold (left hand)
 d - a ring of fire
 n - a +4 ring of protection (right hand)
 p - a ring of protection from fire
 q - a ring of resist corrosion
Wands
 j - a wand of iceblast (34)
 m - a wand of mindburst (9)
Scrolls
 c - a scroll of revelation {unknown}
 r - a scroll of identify
Potions
 a - a potion of heal wounds {unknown}
 e - 3 potions of curing
 f - 6 potions of enlightenment
 i - a potion of mutation {unknown}
 k - 2 potions of might

Dungeon Overview and Level Annotations

Branches:
Dungeon (8/15)             Temple (0/1) D:5
   Lair: D:8-11

Altars:
Ashenzari
Cheibriados
Dithmenos
Gozag
Kikubaaqudgha
Makhleb
Nemelex Xobeh
Okawaru
Qazlal
Vehumet
Xom
Zin

Shops:
D:3 !   D:4 *


Message History

You destroy the wight!
Okawaru accepts your kill. The yak completely misses you.
Your life force feels restored.
Your base Fighting skill increases to level 4!
You shoot a bolt. The bolt barely misses the wight.
The wight completely misses you. The wight misses you.
The yak completely misses you.
You shoot a bolt. The bolt hits the wight!
You destroy the wight!
Okawaru accepts your kill. The wight completely misses you.
The yak completely misses you.
You shoot a bolt. The bolt barely misses the yak.
The yak completely misses you. The wight closely misses you.
The yak completely misses you.
You shoot a bolt. The bolt hits the yak!
The yak is moderately wounded.
You shoot a bolt. The bolt hits the yak!
The yak is severely wounded.
The wight misses you. The yak closely misses you.
You shoot a bolt. The bolt hits the yak!
The yak is almost dead.
The yak misses you. The wight completely misses you.
The yak completely misses you.
You shoot a bolt. The bolt hits the yak!
You kill the yak!
Okawaru accepts your kill. The wight closely misses you. The yak gores you.
You shoot a bolt. The bolt hits the yak!
The yak is heavily wounded.
The yak completely misses you.
You shoot a bolt. The bolt hits the yak!
The yak is almost dead.
The wight completely misses you. The yak gores you but does no damage.
The yak completely misses you.
You shoot a bolt. The bolt closely misses the yak.
The wight barely misses you. The yak barely misses you.
You shoot a bolt. The bolt completely misses the yak.
The yak misses you. The wight barely misses you. The yak gores you!
You die...

#...................
#..................#
#....##.............
..#...................
..........#...###...
#.......#...#.....
#Y......#####..... .
#zY.......###..... ..
#@Yz).......+.....
...#####.......#.....
..Y...........+.....
...##..........#...##
............)..#...#.
Y..##..........#...#.
. #..............#.
........#.........#.
........#...........


You could see 3 yaks and 2 wights.

Vanquished Creatures
  A hornet (D:8)
  2 yaks (D:8)
  3 water moccasins
  3 black bears
  An ogre (D:6)
  2 centaurs
  A phantom (D:4)
  A gnoll sergeant (D:8)
  A bullfrog (D:6)
  3 scorpions
  11 wights
  5 killer bees (D:8)
  2 bombardier beetles
  2 jellies (D:6)
  3 orc priests
  A hound (D:5)
  3 iron imps (D:5)
  An iguana (D:5)
  An orc wizard (D:6)
  2 sleepcaps
  6 gnolls
  8 adders
  A shadow imp (D:6)
  3 dart slugs
  A ribbon worm (D:2)
  8 orcs
  4 ball pythons
  4 endoplasms
  A giant cockroach (D:4)
  7 goblins
  10 hobgoblins
  4 quokkas
  2 bats (D:1)
  8 frilled lizards
  7 kobolds
  5 rats
128 creatures vanquished.

Notes
Turn   | Place    | Note
-------+----------+-------------------------------------------
     0 | D:1      | qw the Spriggan Hunter began the quest for the Orb.
     0 | D:1      | Reached XP level 1. HP: 10/10 MP: 2/2
     0 | D:1      | 0 ||| qw: Version: 0.3-a-155-g5e7d8dd
     0 | D:1      | 0 ||| qw: Game counter: 324
     0 | D:1      | 0 ||| qw: Melee chars always use a shield: true
     0 | D:1      | 0 ||| qw: God list: Okawaru
     0 | D:1      | 0 ||| qw: Allow faded altars: false
     0 | D:1      | 0 ||| qw: Do Orc after clearing Dungeon:15 true
     0 | D:1      | 0 ||| qw: Do second Lair branch before Depths: true
     0 | D:1      | 0 ||| qw: Lair rune preference: random
     0 | D:1      | 0 ||| qw: Goals: Normal
     0 | D:1      | 0 ||| PLANNING D:1-11
    55 | D:1      | Reached skill level 3 in Dodging
   238 | D:1      | Reached XP level 2. HP: 14/14 MP: 3/3
   792 | D:1      | 792 ||| READING scroll labelled CIEPSA TAUFO.
   793 | D:1      | 793 ||| READING scroll labelled KIODOE OGEN TISI.
   793 | D:1      | 793 ||| IDENTIFYING golden potion
   794 | D:1      | 794 ||| READING scroll labelled HAUCKO QOSCHAT.
   799 | D:1      | 799 ||| READING scroll labelled ILUTAARIFO.
   800 | D:1      | 800 ||| DROPPING scroll of butterflies.
   829 | D:2      | 829 ||| STAIRDANCE
   842 | D:2      | 842 ||| STAIRDANCE
   848 | D:2      | 848 ||| STAIRDANCE
   917 | D:2      | Reached XP level 3. HP: 18/18 MP: 4/4
   951 | D:2      | Found a sparkling altar of Nemelex Xobeh.
  1042 | D:2      | HP: 4/18 [poisoned by an adder]
  1404 | D:2      | 1404 ||| UPGRADING to ring of protection from cold.
  1405 | D:2      | 1405 ||| READING scroll of identify.
  1405 | D:2      | 1405 ||| IDENTIFYING purple potion
  1406 | D:2      | 1406 ||| READING scroll labelled JILAIM PUADUS.
  1507 | D:2      | 1507 ||| DRINKING 2 bubbling blue potions.
  1508 | D:2      | 1508 ||| DROPPING potion of lignification.
  1537 | D:3      | Found Wocokhliu's Distillery.
  1546 | D:3      | 1546 ||| BUYING potion of curing (42 gold).
  1546 | D:3      | Bought a potion of curing for 42 gold pieces
  1546 | D:3      | 1546 ||| BUYING potion of curing (42 gold).
  1546 | D:3      | Bought a potion of curing for 42 gold pieces
  1546 | D:3      | 1546 ||| SHOPLISTING potion of heal wounds (70 gold, have
                  | 37).
  1546 | D:3      | 1546 ||| SHOPLISTING potion of might (56 gold, have 37).
  1546 | D:3      | 1546 ||| SHOPLISTING potion of mutation (112 gold, have
                  | 37).
  1546 | D:3      | 1546 ||| SHOPLISTING potion of resistance (140 gold, have
                  | 37).
  1548 | D:3      | Found an ancient bone altar of Kikubaaqudgha.
  1699 | D:3      | Reached XP level 4. HP: 16/22 MP: 5/5
  1758 | D:3      | Found a shadowy altar of Dithmenos.
  1798 | D:3      | Found a faded altar of an unknown god.
  2042 | D:3      | Found a shimmering altar of Xom.
  2236 | D:3      | 2236 ||| DROPPING ring of magical power.
  2237 | D:3      | 2237 ||| UPGRADING to +4 ring of protection.
  2238 | D:3      | 2238 ||| READING 3 scrolls of identify.
  2238 | D:3      | 2238 ||| IDENTIFYING inky potion
  2239 | D:3      | 2239 ||| READING 2 scrolls of identify.
  2239 | D:3      | 2239 ||| IDENTIFYING murky coppery potion
  2240 | D:3      | 2240 ||| READING scroll of identify.
  2240 | D:3      | 2240 ||| IDENTIFYING viscous blue potion
  2241 | D:3      | 2241 ||| READING scroll labelled SATHUA KIGUPT.
  2242 | D:3      | 2242 ||| READING scroll labelled ZAMONONE BEMY.
  2243 | D:3      | 2243 ||| DROPPING potion of attraction.
  2244 | D:3      | 2244 ||| DROPPING potion of magic.
  2272 | D:4      | Found the +1 Delatra's gloves {ID++}
  2305 | D:4      | Noticed a phantom
  2306 | D:4      | 2306 ||| DRINKING potion of haste.
  2316 | D:4      | Killed a phantom
  2317 | D:4      | Reached skill level 6 in Dodging
  2317 | D:4      | Reached XP level 5. HP: 25/25 MP: 6/6
  2363 | D:4      | Found Ilofasits's Elemental Accessories.
  2374 | D:4      | 2374 ||| SHOPLISTING wand of iceblast (3) (93 gold, have
                  | 63).
  2395 | D:4      | 2395 ||| SWAPPING to +0 arbalest.
  2396 | D:4      | 2396 ||| DROPPING +0 shortbow.
  2561 | D:4      | Noticed a black bear
  2562 | D:4      | Reached XP level 6. HP: 12/30 MP: 7/7
  2566 | D:4      | Reached skill level 6 in Ranged Weapons
  2672 | D:4      | Identified the +1 ring mail of Honour {Int+3 Dex+4}
  2918 | D:4      | Found an iron altar of Okawaru.
  2919 | D:4      | 2919 ||| PLANNING OKAWARU WORSHIP
  2919 | D:4      | 2919 ||| READING scroll of identify.
  2919 | D:4      | 2919 ||| IDENTIFYING lumpy ruby potion
  2920 | D:4      | 2920 ||| READING scroll labelled ZIBERI BIOTA.
  2921 | D:4      | 2921 ||| DRINKING 2 black potions.
  2922 | D:4      | 2922 ||| DROPPING potion of berserk rage.
  2923 | D:4      | 2923 ||| DROPPING potion of brilliance.
  2929 | D:4      | Became a worshipper of Warmaster Okawaru
  2930 | D:4      | 2930 ||| PLANNING D:1-11
  3014 | D:4      | Identified the +11 sling of Upheaval {elec, Will+ Dex+3
                  | Stlth+}
  3040 | D:5      | Entered Level 5 of the Dungeon
  3159 | D:5      | 3159 ||| RETREEEEATING.
  3168 | D:5      | Reached XP level 7. HP: 35/35 MP: 8/8
  3237 | D:5      | Found an opulent altar of Gozag.
  3248 | D:5      | Reached * piety under Okawaru
  3346 | D:5      | Reached skill level 1 in Invocations
  3359 | D:5      | Found a radiant altar of Vehumet.
  3465 | D:5      | Found a staircase to the Ecumenical Temple.
  3615 | D:5      | Found a burning altar of Makhleb.
  3656 | D:5      | Found a snail-covered altar of Cheibriados.
  3656 | D:5      | Found a stormy altar of Qazlal.
  3879 | D:5      | 3879 ||| READING scroll labelled QONKIXZUYT.
  3880 | D:5      | 3880 ||| READING scroll labelled RUAGY MAOTHRUT.
  3881 | D:5      | 3881 ||| READING scroll labelled PIAPHE GEYSMUJ.
  3881 | D:5      | 3881 ||| ENCHANTING +0 robe.
  3982 | D:6      | Reached XP level 8. HP: 39/39 MP: 10/10
  3986 | D:6      | Found a glowing silver altar of Zin.
  4054 | D:5      | Found a broken altar of Ashenzari.
  4116 | D:6      | Reached skill level 3 in Invocations
  4191 | D:6      | Reached ** piety under Okawaru
  4262 | D:6      | Reached skill level 3 in Fighting
  4528 | D:7      | Identified the serpent talisman of Oblivion {*Corrode rElec
                  | rF+}
  4595 | D:7      | HP: 9/40 [poisoned by a water moccasin]
  4600 | D:7      | HP: 5/40 [poisoned by a water moccasin]
  4762 | D:7      | HP: 6/40 [water moccasin (5)]
  4763 | D:7      | 4763 ||| READING scroll of teleportation.
  4920 | D:7      | Reached skill level 9 in Ranged Weapons
  4992 | D:7      | Reached skill level 9 in Dodging
  4992 | D:7      | Reached XP level 9. HP: 44/44 MP: 13/13
  5112 | D:7      | 5112 ||| UPGRADING to +0 cloak.
  5117 | D:7      | 5117 ||| UPGRADING to +2 robe of willpower.
  5127 | D:7      | 5127 ||| DROPPING +1 robe.
  5128 | D:7      | 5128 ||| READING 2 scrolls of enchant armour.
  5128 | D:7      | 5128 ||| ENCHANTING +0 cloak.
  5129 | D:7      | 5129 ||| READING scroll of enchant armour.
  5129 | D:7      | 5129 ||| ENCHANTING +1 cloak.
  5130 | D:7      | 5130 ||| READING scroll of identify.
  5130 | D:7      | 5130 ||| IDENTIFYING scroll labelled QECOTW SIBEXKU
  5131 | D:7      | 5131 ||| DROPPING scroll of silence.
  5186 | D:8      | Reached *** piety under Okawaru
  5331 | D:8      | Paralysed by a hornet for 2 turns
  5333 | D:8      | 5333 ||| INVOKING Heroism.
  5521 | D:8      | 5521 ||| RETREEEEATING.
  5522 | D:8      | 5522 ||| RETREEEEATING.
  5523 | D:8      | 5523 ||| RETREEEEATING.
  5524 | D:8      | 5524 ||| RETREEEEATING.
  5572 | D:8      | 5572 ||| RETREEEEATING.
  5573 | D:8      | 5573 ||| RETREEEEATING.
  5574 | D:8      | 5574 ||| RETREEEEATING.
  5575 | D:8      | 5575 ||| RETREEEEATING.
  5576 | D:8      | 5576 ||| RETREEEEATING.
  5577 | D:8      | 5577 ||| RETREEEEATING.
  5578 | D:8      | 5578 ||| RETREEEEATING.
  5579 | D:8      | 5579 ||| RETREEEEATING.
  5580 | D:8      | 5580 ||| RETREEEEATING.
  5581 | D:8      | 5581 ||| RETREEEEATING.
  5582 | D:8      | 5582 ||| RETREEEEATING.
  5583 | D:8      | 5583 ||| RETREEEEATING.
  5584 | D:8      | 5584 ||| RETREEEEATING.
  5585 | D:8      | 5585 ||| RETREEEEATING.
  5586 | D:8      | 5586 ||| RETREEEEATING.
  5587 | D:8      | 5587 ||| RETREEEEATING.
  5588 | D:8      | 5588 ||| RETREEEEATING.
  5589 | D:8      | 5589 ||| RETREEEEATING.
  5590 | D:8      | 5590 ||| RETREEEEATING.
  5591 | D:8      | 5591 ||| RETREEEEATING.
  5592 | D:8      | 5592 ||| RETREEEEATING.
  5593 | D:8      | 5593 ||| RETREEEEATING.
  5594 | D:8      | 5594 ||| RETREEEEATING.
  5595 | D:8      | 5595 ||| RETREEEEATING.
  5596 | D:8      | 5596 ||| RETREEEEATING.
  5597 | D:8      | 5597 ||| RETREEEEATING.
  5598 | D:8      | 5598 ||| RETREEEEATING.
  5599 | D:8      | 5599 ||| RETREEEEATING.
  5600 | D:8      | 5600 ||| RETREEEEATING.
  5601 | D:8      | 5601 ||| RETREEEEATING.
  5602 | D:8      | 5602 ||| RETREEEEATING.
  5603 | D:8      | 5603 ||| RETREEEEATING.
  5604 | D:8      | 5604 ||| RETREEEEATING.
  5605 | D:8      | 5605 ||| INVOKING Heroism.
  5606 | D:8      | 5606 ||| DRINKING potion of haste.
  5609 | D:8      | HP: 2/44 [yak (12)]
  5623 | D:8      | HP: 2/45 [yak (3)]
  5627 | D:8      | Slain by a yak

Levels and vault maps discovered:
D:1:      dpeg_arrival_castle, layout_basic, serial_curves, eino_curves_03,
          eino_curves_03, eino_curves_01, eino_curves_02
D:2:      layout_rooms, basic_altar, grunt_ministairs_9,
          amcnicky_mini_rare_corridor_liquid, grunt_decor_junction
D:3:      layout_loops_ring, lemuel_crystal_altar, brannock_xom_greatest_gift,
          overflow_temple_1_default, shapermc_ecumenical_altar_mp_ritualfount,
          serial_shops, shop, kennysheep_generic_room_4
D:4:      layout_basic, mainiacjoe_overflow_alcove_2, nicolae_elemental_shop,
          hangedman_abyss_or_decor_stagger, kennysheep_flooded_box,
          dreamdust_princess_corridor, minmay_quantized
D:5:      layout_basic, demons_altar, lemuel_round_altar,
          nicolae_overflow_hidden_temple, minmay_temple_entry_wispy
D:6:      layout_cave_pools, zin_statuary
D:7:      layout_rooms
D:8:      layout_basic, led_sif_pool, nzn_hepliaklqana_mist_gate

Skill      XL: |  1  2  3  4  5  6  7  8  9 |
---------------+----------------------------+-----
Dodging        | 3 4 6 7 9 10 | 10.6
Ranged Weapons | 5 7 8 9 10 | 10.0
Fighting       | 2 3 4 |  4.0
Invocations    | 2 4 |  4.1
Stealth        | |  1.5

Action                     |  1- 3 |  4- 6 |  7- 9 || total
---------------------------+-------+-------+-------++-------
   Fire: Shortbow          |   113 |    38 |       ||   151
         Arbalest          |       |    60 |   183 ||   243
 Invoke: Heroism           |       |       |     2 ||     2
    Use: Scroll            |     6 |     7 |     7 ||    20
         Potion            |     1 |     2 |     1 ||     4
 Armour: Robe              |    14 |    10 |    38 ||    62
  Dodge: Dodged            |    34 |    36 |   175 ||   245

Table legend:
 A = Non-vault XP
 B = Vault XP
 C = Vault XP percentage of total XP
 D = Non-vault monster count
 E = Vault monster count
 F = Vault count percentage of total count
                 A         B        C        D         E       F
            +---------+---------+-------+---------+---------+-------
      Total |    4102 |     383 |   8.5 |     117 |      11 |   8.6
            +---------+---------+-------+---------+---------+-------
        D:1 |      30 |       3 |   9.1 |      20 |       2 |   9.1
        D:2 |      57 |       0 |   0.0 |      16 |       0 |   0.0
        D:3 |      29 |       0 |   0.0 |       9 |       0 |   0.0
        D:4 |     173 |     261 |  60.1 |      15 |       6 |  28.6
        D:5 |     695 |     119 |  14.6 |      17 |       3 |  15.0
        D:6 |     916 |       0 |   0.0 |      16 |       0 |   0.0
        D:7 |     725 |       0 |   0.0 |       7 |       0 |   0.0
        D:8 |    1477 |       0 |   0.0 |      17 |       0 |   0.0
            +---------+---------+-------+---------+---------+-------
